 Dungeon Crawl Stone Soup version 0.29-a0-451-gfbfa42419e (webtiles) character file.

Game seed: 16259522456182130408

202 dabmancer the Magician (level 5, -2/24 HPs)
             Began as a Spriggan Conjurer on May 20, 2022.
             Was a Follower of Uskayaw.
             Slain by Pargi (3 damage)
             ... on level 2 of the Dungeon.
             The game lasted 00:22:22 (5876 turns).

dabmancer the Magician (Spriggan Conjurer)          Turns: 5876, Time: 00:22:23

Health: -2/24      AC:  3    Str:  3    XL:     5   Next: 50%
Magic:  2/13       EV: 17    Int: 21    God:    Uskayaw [*.....]
Gold:   123        SH:  0    Dex: 14    Spells: 12/13 levels left

rFire   . . .      SeeInvis +   o - +4 quarterstaff (chaos)
rCold   . . .      Faith    .   (shield currently unavailable)
rNeg    + . .      Spirit   .   a - +0 robe
rPois   .          Reflect  .   (helmet restricted)
rElec   .          Harm     .   p - +0 cloak {Will+}
rCorr   .          Rampage  .   (gloves unavailable)
Will    +....                   (boots unavailable)
Stlth   ++........              i - amulet of the acrobat
HPRegen 0.08/turn               f - ring of positive energy
MPRegen 0.13/turn               (no ring)

@: very quick
A: very small, no large weapons, unfitting armour, see invisible, speed 3
a: Renounce Religion, Stomp


You were on level 2 of the Dungeon.
You worshipped Uskayaw.
Uskayaw was noncommittal.
You visited 1 branch of the dungeon, and saw 3 of its levels.
You also visited: Sewer.

You collected 123 gold pieces.

Inventory:

Hand Weapons
 o - a +4 quarterstaff of chaos (weapon)
Missiles
 k - 127 stones
Armour
 a - a +0 robe (worn)
 j - a +0 cloak
 p - a +0 cloak of willpower (worn)
Jewellery
 f - a ring of positive energy (left hand)
 i - an amulet of the acrobat (around neck)
Scrolls
 d - 3 scrolls of identify {unknown}
 n - 2 scrolls of magic mapping {unknown}
 r - a scroll of teleportation {unknown}
 s - a scroll of enchant armour {unknown}
 t - a scroll of fear {unknown}
 u - a scroll of brand weapon {unknown}
 w - a scroll of silence {unknown}
 x - 2 scrolls of noise {unknown}
Potions
 b - a potion of magic
 c - 2 potions of attraction {unknown}
 e - a potion of curing {unknown}
 g - 2 potions of might {unknown}
 h - a potion of brilliance {unknown}
 l - a potion of degeneration {unknown}
 m - a potion of ambrosia {unknown}
 q - 2 potions of resistance {unknown}
 v - a potion of heal wounds {unknown}
 z - a potion of mutation {unknown}


   Skills:
 + Level 0.5 Staves
 + Level 3.2 Dodging
 + Level 3.5 Stealth
 + Level 0.6 Unarmed Combat
 + Level 4.7 Spellcasting
 + Level 4.0 Conjurations


You had 12 spell levels left.
You knew the following spells:

 Your Spells              Type           Power      Damage    Failure   Level
a - Magic Dart            Conj           88%        1d7       1%          1

Your spell library contained the following spells:

 Spells                   Type           Power      Damage    Failure   Level
 Searing Ray              Conj           44%        2d6       3%          2
 Dazzling Flash           Conj/Hex       26%        N/A       14%         3
 Fulminant Prism          Conj/Hex       6%         3d7       43%         4
 Iskenderun's Mystic Bla  Conj/Tloc      13%        2d5       43%         4


Dungeon Overview and Level Annotations

Branches:
Dungeon (3/15)              Sewer (visited)

Altars:
Cheibriados
Uskayaw

Shops:
D:1 :   D:3 =

Annotations:
D:2 Pargi


Innate Abilities, Weirdness & Mutations

You are very small and have problems with some larger weapons.
You are too small for most types of armour.
You have supernaturally acute eyesight. (SInv)
You cover ground extremely quickly. (Speed+++)


Message History

Pargi is heavily wounded.
The magic dart hits Pargi.
Pargi is severely wounded.
Pargi pleads, "Don't hit me!"
The magic dart hits Pargi.
Pargi is severely wounded.
The magic dart hits Pargi.
Pargi is severely wounded.
The magic dart hits Pargi but does no damage.
Pargi is heavily wounded.
The magic dart hits Pargi.
Pargi is heavily wounded.
The magic dart hits Pargi.
Pargi is severely wounded.
Uskayaw will force your foes to share their pain.
Uskayaw prepares the audience for your solo!
Pargi is no longer paralysed.
The magic dart hits Pargi.
Pargi is heavily wounded.
You can no longer pass through a line of other dancers.
You start resting.
Pargi is nearby!
The magic dart hits Pargi.
Pargi is moderately wounded.
You stomp with the beat, sending a shockwave through the revellers around you!
Pargi is moderately wounded.
You can no longer stomp with the beat.
Pargi misses you. x2; Pargi barely misses you.
You hit Pargi.
Pargi seems to grow stronger.
Pargi is heavily wounded.
Pargi misses you. Pargi claws you. x2
You can now stomp with the beat.
You hit Pargi.
Pargi is heavily wounded.
Pargi bites you! Pargi claws you.
* * * LOW HITPOINT WARNING * * *
Pargi claws you.
* * * LOW HITPOINT WARNING * * *
You open the door. Pargi closely misses you. Pargi claws you.
You die...

######.## ##.......## ##.###.#
........####.........####...##.##
.###<......'.........'...........
.# #....####.........####...##T##
.###.#.<# ##.......## ##.###.#
........# ##.....## #####T##
####.#### ##...## #.....# #.#
##'## #.##.## #.# #@# #.####
##.######## #T# #T# #....[....#
##.## #.# #......##.###...## #.#
#...##.##.##.....# #.#
#...##.##.###...#########.#
#.........................#
#.........#################
#.#.##.##.#


You could see Pargi (strong).

Vanquished Creatures
  Crazy Yiuf (D:2)
  An orc priest (D:3)
  Jessica (D:2)
  Terence (D:2)
  2 adders
  4 worms
  A dart slug (D:2)
  3 orcs (D:3)
  5 bats
  4 endoplasms
  2 giant cockroaches (D:1)
  4 goblins
  3 hobgoblins
  3 kobolds
  2 quokkas
  9 ball pythons
  5 frilled lizards
  11 rats
62 creatures vanquished.

Notes
Turn   | Place    | Note
-------+----------+-------------------------------------------
     0 | D:1      | dabmancer the Spriggan Conjurer began the quest for the
                  | Orb.
     0 | D:1      | Reached XP level 1. HP: 9/9 MP: 5/5
   274 | D:1      | Reached XP level 2. HP: 9/13 MP: 0/6
   422 | D:1      | Found a faded altar of an unknown god.
   429 | D:1      | Prayed at the altar of an unknown god.
   429 | D:1      | Became a worshipper of Uskayaw the Reveller
   429 | D:1      | Reached * piety under Uskayaw
   431 | D:1      | Reached ** piety under Uskayaw
   623 | D:1      | Found Eloumuar's Book Shoppe.
  1819 | D:2      | Reached XP level 3. HP: 15/16 MP: 3/8
  2238 | D:2      | Noticed Terence
  2807 | D:2      | Killed Terence
  2808 | D:2      | Reached XP level 4. HP: 21/21 MP: 0/10
  3182 | D:2      | Noticed Jessica
  3264 | D:2      | Killed Jessica
  3276 | D:2      | Reached *** piety under Uskayaw
  3591 | D:2      | Found a runed translucent door.
  3592 | D:2      | Noticed Crazy Yiuf
  3810 | D:2      | Killed Crazy Yiuf
  3811 | D:2      | Reached XP level 5. HP: 24/24 MP: 7/12
  4078 | D:3      | Found a glowing drain.
  4087 | Sewer    | Entered a sewer
  4233 | Sewer    | Noticed Pargi
  4921 | D:3      | Found Pasoeth's Jewellery Shop.
  5347 | D:3      | Reached **** piety under Uskayaw
  5360 | D:3      | Reached ***** piety under Uskayaw
  5599 | D:3      | Found a snail-covered altar of Cheibriados.
  5873 | D:2      | HP: 1/24 [Pargi (1)]
  5876 | D:2      | Slain by Pargi

Illustrated notes

Levels and vault maps discovered:
D:1:      dpeg_arrival_leaves_temple_mockup, layout_basic,
          shapermc_ecumenical_altar_notcrosses, serial_shops, shop
D:2:      layout_loops_corners, uniq_crazy_yiuf_cottage, uniq_jessica,
          uniq_terence
D:3:      layout_basic, lemuel_tele_altar, cheibrodos_sewer_entry_drain,
          serial_shops, nicolae_shop_advertising_works
          [nicolae_subvault_shop_adworks]

Skill      XL: |  1  2  3  4  5 |
---------------+----------------+-----
Conjurations   | 3 4 |  4.0
Dodging        | 3 |  3.2
Spellcasting   | 3 4 |  4.7
Staves         | |  0.5
Stealth        | |  3.5
Unarmed Combat | |  0.6

Action                   |  1- 3 |  4- 6 || total
-------------------------+-------+-------++-------
Melee: Unarmed           |    19 |       ||    19
       Quarterstaff      |       |    12 ||    12
Throw: Stone             |       |     9 ||     9
 Cast: Magic Dart        |   112 |   147 ||   259
Invok: Stomp             |     1 |     2 ||     3
Armor: Robe              |     3 |     6 ||     9
Dodge: Dodged            |    40 |    39 ||    79

Table legend: (Time is in decaauts)
 A = Elapsed time spent in this place.
 B = Non-inter-level travel time spent in this place.
 C = Inter-level travel time spent in this place.
 D = Time resting spent in this place.
 E = Time spent auto-exploring this place.
 F = Levels seen in this place.
 G = Mean time per level.
                   A        B        C        D        E       F      G
               +--------+--------+--------+--------+--------+-----+--------+
         Total |   4598 |   4544 |     54 |   1027 |   2481 |   4 | 1149.5 |
       Dungeon |   4426 |   4372 |     54 |   1027 |   2362 |   3 | 1475.3 |
         Sewer |    171 |    171 |      0 |      0 |    119 |   1 |  171.0 |
               +--------+--------+--------+--------+--------+-----+--------+

Top non-repeatable levels by time:
     D:2: 2150 daAuts
     D:1: 1297 daAuts
     D:3: 979 daAuts
   Sewer: 171 daAuts
